AoeStats
← DDR38

MegaRandom

508126237Analyzed
2v2 RM · 11d ago on Sep 21, 2026· 55m 13s· 4 players
Game mode
Random Map
Map size
Medium (4 player)
Population
200
Speed
Normal
Resources
Standard
Victory
Conquest
Starting age
Dark Age
Ending age
Imperial Age
RankedLock teamsTeams togetherTeam positionsShared explorationLock speedFull tech treeHidden civsTurbo modeCheats
Victory
Defeat
🇦🇷 Chinese · Argentina
1164
+14
🇦🇷 Wu · Argentina
1044
+19
🇨🇱 Cumans · Chile
1163
-18
🇨🇱 Vikings · Chile
1071
-15
L3RM | Lokocabral
1:05 Loom
10:12 Feudal Age
11:20 Double-Bit Axe
13:48 Fletching
14:29 Padded Archer Armor
19:19 Gold Mining
26:00 Castle Age
24:08 Horse Collar
27:00 Thumb Ring
26:18 Crossbowman
29:41 Wheelbarrow
29:28 Bodkin Arrow
40:10 Stone Mining
40:57 Gold Shaft Mining
40:42 Town Watch
41:42 Husbandry
41:53 Bloodlines
43:20 Scale Barding Armor
43:26 Forging
47:34 Hand Cart
48:41 Great Wall
50:22 Stone Shaft Mining
51:14 Ballistics
52:53 Leather Archer Armor
56:07 Imperial Age
55:10 Scale Barding Armor
55:16 Forging
DDR38
0:34 Loom
10:31 Feudal Age
16:59 Horse Collar
22:17 Castle Age
20:35 Double-Bit Axe
21:57 Fletching
23:04 Bodkin Arrow
23:50 Padded Archer Armor
24:25 Ballistics
26:36 Leather Archer Armor
33:39 Imperial Age
34:51 Wheelbarrow
38:44 Chemistry
38:15 Pikeman
41:02 Hand Cart
49:49 Light Cavalry
53:05 Bracer
[WWW-KT]YagaRetso_CL
0:51 Loom
11:10 Feudal Age
11:44 Double-Bit Axe
16:58 Castle Age
16:44 Fletching
17:42 Padded Archer Armor
24:01 Horse Collar
25:53 Bodkin Arrow
27:26 Crossbowman
28:45 Leather Archer Armor
28:53 Elite Skirmisher
33:56 Gold Mining
38:05 Scale Mail Armor
38:41 Forging
40:11 Ballistics
43:08 Iron Casting
42:53 Chain Mail Armor
48:29 Imperial Age
46:59 Bow Saw
46:50 Heavy Plow
46:57 Scale Barding Armor
47:05 Chieftains
47:27 Town Watch
48:03 Pikeman
49:38 Gold Shaft Mining
48:54 Stone Mining
49:47 Crop Rotation
49:39 Conscription
49:40 Squires
50:38 Bracer
51:58 Chemistry
51:34 Arson
52:21 Plate Mail Armor
53:02 Blast Furnace
51:56 Arbalester
53:50 Ring Archer Armor
53:56 Gambesons
[WWW]Fo
0:37 Loom
11:42 Feudal Age
13:36 Double-Bit Axe
15:11 Gold Mining
16:43 Horse Collar
22:44 Castle Age
21:42 Wheelbarrow
21:39 Scale Barding Armor
22:22 Bloodlines
22:41 Forging
23:03 Stone Mining
25:24 Iron Casting
34:13 Bow Saw
35:16 Heavy Plow
40:54 Imperial Age
41:01 Imperial Age
50:17 Elite Skirmisher
52:48 Fletching
53:04 Padded Archer Armor
55:31 Leather Archer Armor
Connection lost

Rejoining the realm…

Still unreachable

The connection could not be restored.

Session expired

The server has moved on; the page needs a fresh start.